 Dungeon Crawl Stone Soup version 0.23.2-1-ga50397a (webtiles) character file.

Game seed: 9129137243676883297

65 xveg the Skirmisher (level 3, -3/34 HPs)
             Began as a Minotaur Berserker on May 15, 2019.
             Was a Believer of Trog.
             Killed from afar by an orc wizard (7 damage)
             ... with a magic dart
             ... on level 2 of the Dungeon.
             The game lasted 00:01:29 (1476 turns).

xveg the Skirmisher (Minotaur Berserker)            Turns: 1476, Time: 00:01:30

Health: -3/34      AC:  2    Str: 22    XL:     3   Next: 94%
Magic:  2/2        EV:  9    Int:  4    God:    Trog [**....]
Gold:   40         SH:  8    Dex:  9    Spells: 2/2 levels left

rFire    . . .     SeeInvis .     - Unarmed
rCold    . . .     Gourm    .   e - +0 shield
rNeg     . . .     Faith    .   a - +0 animal skin
rPois    .         Spirit   .   (helmet restricted)
rElec    .         Reflect  .   (no cloak)
rCorr    .         Harm     .   (no gloves)
MR       .....                  (no boots)
Stlth    +.........             (no amulet)
HPRegen  0.11/turn              (no ring)
MPRegen  0.08/turn              (no ring)

@: slowed, very slow
A: retaliatory headbutt, horns 2
a: Berserk, Trog's Hand, Renounce Religion


You were on level 2 of the Dungeon.
You worshipped Trog.
Trog was pleased with you.
You were hungry.

You visited 1 branch of the dungeon, and saw 2 of its levels.

You collected 40 gold pieces.

Inventory:

Armour
 a - a +0 animal skin (worn)
 e - a +0 shield (worn)
Scrolls
 c - 6 scrolls of identify {unknown}
 d - a scroll of amnesia {unknown}
 f - 3 scrolls of teleportation {unknown}
 i - a scroll of immolation {unknown}
 k - a scroll of enchant armour {unknown}
Potions
 g - a potion of heal wounds {unknown}
 h - a potion of cancellation {unknown}
 j - a potion of flight {unknown}
Comestibles
 b - 8 rations


   Skills:
 + Level 4.4 Fighting
 + Level 2.8 Armour
 + Level 2.4 Dodging
 + Level 0.2 Stealth
 * Level 1.2 Shields
 + Level 4.1 Unarmed Combat


You had 2 spell levels left.
You didn't know any spells.
Your spell library was empty.

Dungeon Overview and Level Annotations

Branches:
Dungeon (2/15)

Altars:
Dithmenos
Ru


Innate Abilities, Weirdness & Mutations

You reflexively headbutt those who attack you in melee.
You have a pair of horns on your head.


Message History

You block the orc's attack.
The orc wizard hits you but does no damage.
You hit the orc.
You kill the orc!
Trog accepts your kill.
You closely miss the orc wizard. Your headbutt misses the orc wizard.
The orc wizard casts a spell at you. The magic dart hits you.
The orc hits you with a +0 flail!
* * * LOW HITPOINT WARNING * * *
You hit the orc. You headbutt the orc.
You kill the orc!
Trog accepts your kill.
You can now call upon Trog for regeneration and magic resistance.
You block the orc wizard's attack. The orc wizard casts a spell at you.
You feel as though you will be slow longer.
You closely miss the orc wizard.
The orc wizard points at you and mumbles some strange words.
The magic dart hits you!
You die...

#... #.## ###.## ##
#..... .. #.#.#. #.
#.#.#. #. #.#.#.
####.##### #.#.#.
#......)@###########.#.#.
#....###o............#.†.
#.... #################.
#..... #..... #.o...
#.###. #.#..( #... #.#.##
#... # .. #..... ...#.#..


You could see an orc wizard.

Vanquished Creatures
  A hound (D:2)
  A leopard gecko (D:1)
  3 orcs (D:2)
  A ball python (D:1)
  5 goblins
  4 hobgoblins
  2 jackals (D:2)
  5 bats
  3 frilled lizards
  5 kobolds
  4 rats
34 creatures vanquished.

Notes
Turn   | Place    | Note
-------+----------+-------------------------------------------
     0 | D:1      | xveg the Minotaur Berserker began the quest for the Orb.
     0 | D:1      | Reached XP level 1. HP: 19/19 MP: 0/0
   350 | D:1      | Reached XP level 2. HP: 24/27 MP: 1/1
  1321 | D:2      | Found a sacrificial altar of Ru.
  1358 | D:2      | Reached skill level 1 in Shields
  1358 | D:2      | Reached XP level 3. HP: 19/34 MP: 2/2
  1421 | D:2      | Found a shadowy altar of Dithmenos.
  1475 | D:2      | Reached ** piety under Trog
  1476 | D:2      | Killed from afar by an orc wizard

Skill      XL: |  1  2 |
---------------+-------+-----
Fighting       | 4 |  4.4
Shields        | 1 |  1.2
Unarmed Combat | 4 |  4.1
Armour         | |  2.8
Dodging        | |  2.4
Stealth        | |  0.2

Action                   || total
-------------------------++-------
Melee: Unarmed           ||    95
       Headbutt          ||    16
 Stab: Sleeping          ||     1
  Eat: Chunk             ||     1
Armor: Animal skin       ||    14
Dodge: Dodged            ||    27
Block: Shield            ||    35
